Map: Ruins of Seras

Players

SpaceMarine

  • Race: Protoss Protoss
  • League: Grandmaster

Beastyqt - Winner!

  • Race: Terran Terran
  • League: Master

Event: DreamHack ZOWIE Open Leipzig

VOD

Have the link to the VOD?

Description

Time

  • Played on: Jan. 22, 2016, 8:54 a.m.
  • Length: 14:57

All games in this series

Show
View Real Time Build Order
Export as new Build Order

SpaceMarine Protoss 

Build Orders: 1 Gate Expand 

Get SALT Encoding   

  12  0:01  Probe (Chrono Boost)  
  13  0:11  Probe (Chrono Boost)  
  14  0:18  Pylon  
  14  0:22  Probe (Chrono Boost)  
  15  0:36  Probe (Chrono Boost), Gateway  
  15  0:42  Assimilator  
  16  0:46  Probe (Chrono Boost)  
  17  0:57  Probe (Chrono Boost)  
  18  1:08  Probe (Chrono Boost)  
  19  1:20  Nexus  
  19  1:30  Cybernetics Core  
  19  1:34  Probe (Chrono Boost)  
  19  1:39  Assimilator  
  20  1:44  Probe (Chrono Boost)  
  21  1:50  Pylon  
  21  1:55  Probe (Chrono Boost)  
  22  2:04  Warp Gate  
  26  2:08  Adept  
  26  2:09  Mothership Core (Chrono Boost)  
  26  2:27  Probe (Chrono Boost)  
  26  2:29  Robotics Facility  
  27  2:32  Probe (Chrono Boost)  
  28  2:38  Probe (Chrono Boost)  
  28  2:43  Probe (Chrono Boost)  
  30  2:48  Probe (Chrono Boost)  
  31  2:53  Probe (Chrono Boost)  
  32  2:59  Probe (Chrono Boost)  
  32  3:01  Gateway  
  32  3:04  Probe (Chrono Boost)  
  34  3:06  Gateway  
  34  3:10  Probe (Chrono Boost)  
  35  3:13  Sentry  
  35  3:14  Probe (Chrono Boost)  
  38  3:21  Warp Prism (Chrono Boost)  
  38  3:26  Probe  
  41  3:28  Probe  
  42  3:41  Pylon  
  40  3:50  Pylon  
  40  3:53  Immortal (Chrono Boost)  
  44  4:07  Adept x2  
  44  4:08  Stalker  
  48  4:27  Observer (Chrono Boost)  
  48  4:28  Stalker x2  
  48  4:30  Pylon  
  53  4:32  Pylon  
  53  4:45  Adept  
  55  4:46  Observer (Chrono Boost)  
  55  4:47  Probe x2  
  55  4:48  Pylon  
  56  4:55  Adept x2  
  56  4:59  Probe x2  
  62  5:05  Stalker  
  63  5:11  Probe  
  63  5:13  Immortal (Chrono Boost)  
  68  5:22  Stalker x2  
  72  5:31  Stalker  
  72  5:34  Gateway  
  71  5:49  Stalker x2  
  73  6:01  Probe x2  
  68  6:13  Probe x2  
  70  6:29  Adept x3  
  70  6:30  Probe x2  
  78  6:42  Probe, Pylon  
  78  6:45  Pylon  
  79  6:52  Probe  
  80  6:55  Zealot  
  80  6:56  Zealot x2  
  86  7:08  Stalker  
  86  7:14  Stalker x2  
  92  7:21  Pylon  
  92  7:22  Pylon  
  88  7:24  Stalker  
  86  7:40  Immortal  
  86  7:44  Zealot  
  84  8:11  Adept  
  84  8:12  Adept x3  
  92  8:19  Immortal (Chrono Boost)  
  96  8:24  Probe  
  96  8:26  Assimilator  
  97  8:30  Assimilator  
  97  8:32  Zealot x2  
  97  8:33  Zealot x2  
  93  8:52  Adept  
  93  8:54  Mothership Core  
  85  9:06  Zealot x2  
  87  9:20  Pylon  
  87  9:22  Pylon  
  87  9:25  Pylon  
  87  9:32  Pylon  
  87  9:35  Pylon  
  85  9:54  Stalker  
  81  10:24  Gateway  
  81  10:25  Gateway  
  81  10:33  Twilight Council  
  81  10:58  Stalker  
  81  11:00  Pylon  
  81  11:02  Pylon  
  83  11:12  Dark Shrine  
  83  11:14  Blink (Chrono Boost)  
  81  12:34  Dark Templar x3  
  81  13:13  Stalker  
  81  13:14  Stalker x2  
Show
View Real Time Build Order
Export as new Build Order

Beastyqt Terran - Winner!

Build Orders: 1/1/1, Liberator Opening, MMM Bio 

Get SALT Encoding   

  12  0:01  SCV  
  13  0:13  SCV  
  14  0:17  Supply Depot  
  14  0:25  SCV  
  15  0:29  Refinery  
  15  0:39  SCV  
  16  0:45  Barracks  
  16  0:51  SCV  
  17  1:03  SCV  
  18  1:15  SCV  
  19  1:29  Refinery  
  19  1:31  Orbital Command  
  19  1:32  Marine  
  20  1:35  Factory  
  20  1:41  Supply Depot  
  20  1:55  Barracks Reactor  
  20  1:57  SCV  
  21  2:10  SCV  
  22  2:16  Supply Depot  
  22  2:19  Starport  
  22  2:20  Widow Mine  
  24  2:26  SCV  
  25  2:31  Marine  
  25  2:32  Marine  
  27  2:38  SCV  
  28  2:44  Supply Depot  
  28  2:48  Marine  
  28  2:50  SCV  
  30  2:52  Marine  
  31  2:58  Medivac  
  31  3:02  Widow Mine  
  35  3:07  SCV  
  35  3:11  Liberator  
  35  3:12  Marine x2  
  37  3:19  SCV  
  41  3:39  Factory Tech Lab, Marine x2  
  43  3:48  Barracks  
  43  3:49  Barracks  
  43  3:53  Supply Depot  
  43  3:59  Marine  
  43  4:00  Marine  
  43  4:01  Liberator  
  45  4:07  Factory Tech Lab  
  45  4:22  Supply Depot x2  
  48  4:33  SCV  
  47  4:45  SCV  
  48  4:47  Marine, Liberator  
  48  4:48  Stimpack, Marine  
  48  4:49  Combat Shields, Marine x2  
  52  4:54  Widow Mine  
  52  5:05  Marine  
  52  5:06  Marine  
  52  5:07  Marine  
  56  5:21  Supply Depot, Marine  
  57  5:23  Supply Depot  
  57  5:26  Marine  
  58  5:37  Marauder, Widow Mine, Marine  
  58  5:40  Marine  
  63  5:43  Marine  
  60  6:00  Marauder, Medivac, Marine  
  62  6:10  Marine  
  62  6:11  Factory Reactor, Concussive Shells  
  63  6:28  Marauder x2, Marine  
  68  6:36  Medivac  
  68  6:39  Supply Depot  
  70  6:42  Marine  
  70  6:45  Marine  
  70  7:11  Marauder  
  70  7:13  SCV  
  73  7:21  Marauder, Marine  
  76  7:27  SCV  
  77  7:33  Medivac  
  77  7:34  Marine, Medivac  
  82  7:40  Marine  
  71  7:51  Marine x2  
  73  7:59  Marine x2  
  75  8:09  Marine  
  75  8:10  Medivac x2  
  80  8:22  Marine  
  80  8:23  Marauder  
  83  8:28  Marine  
  83  8:32  Marine  
  82  8:46  SCV  
  75  8:56  Marine x2  
  75  8:57  Marine  
  75  8:58  Marine  
  73  9:26  Orbital Command  
  66  10:53  Orbital Command  
  63  11:41  Liberator  
  63  11:58  Marine x3  
  69  12:10  SCV  
  69  12:17  Marine x2  
  69  12:43  Engineering Bay  
  66  12:49  SCV  
  62  13:28  Missile Turret  
  45  13:55  Missile Turret  
  42  14:30  Orbital Command  

Tags
 
Add a new tag
Caveats
  • Supply blocks, unpowered buildings, or Contaminate may cause inaccurate times.
  • Supply counts are checked every 10 seconds.